Map: Paladino Terminal LE

Players

Fropez

  • Race: Protoss Protoss
  • League: Platinum
  • Spawn Location: 9:00

Judgement - Winner!

  • Race: Terran Terran
  • League: Diamond
  • Spawn Location: 5:00

VOD

Have the link to the VOD?

Description

Time

  • Played on: Jan. 30, 2017, 12:44 p.m.
  • Length: 8:16
Show
View Real Time Build Order
Export as new Build Order

Fropez Protoss 

Build Orders: Dark Templar Rush 

Get SALT Encoding   

  12  0:00  Probe (Chrono Boost)  
  13  0:11  Probe (Chrono Boost)  
  14  0:18  Pylon  
  14  0:22  Probe (Chrono Boost)  
  15  0:36  Probe (Chrono Boost)  
  15  0:39  Gateway  
  16  0:47  Probe (Chrono Boost)  
  17  0:57  Probe (Chrono Boost)  
  17  0:58  Assimilator  
  18  1:18  Pylon  
  18  1:21  Pylon  
  17  1:27  Probe (Chrono Boost)  
  17  1:32  Cybernetics Core  
  18  1:34  Assimilator  
  18  1:38  Probe (Chrono Boost)  
  19  1:50  Probe (Chrono Boost), Gateway  
  20  2:00  Probe (Chrono Boost)  
  21  2:17  Twilight Council  
  21  2:22  Warp Gate  
  21  2:26  Nexus  
  21  2:29  Adept  
  22  2:39  Adept  
  21  2:59  Probe (Chrono Boost)  
  20  3:11  Probe (Chrono Boost)  
  21  3:24  Mothership Core (Chrono Boost)  
  23  3:35  Dark Shrine  
  23  3:44  Probe (Chrono Boost)  
  24  3:56  Probe (Chrono Boost)  
  24  3:57  Probe (Chrono Boost)  
  26  4:06  Probe (Chrono Boost)  
  26  4:09  Probe (Chrono Boost)  
  27  4:17  Probe (Chrono Boost)  
  27  4:22  Robotics Facility  
  27  4:23  Probe (Chrono Boost)  
  28  4:25  Pylon  
  28  4:27  Probe (Chrono Boost)  
  27  4:35  Probe (Chrono Boost)  
  27  4:38  Pylon, Probe (Chrono Boost)  
  29  4:49  Pylon  
  29  4:50  Dark Templar  
  33  5:04  Warp Prism  
  33  5:05  Assimilator  
  31  5:09  Assimilator  
  31  5:12  Probe (Chrono Boost)  
  33  5:25  Probe (Chrono Boost)  
  33  5:27  Probe (Chrono Boost)  
  25  5:38  Observer  
  25  5:41  Probe (Chrono Boost)  
  28  5:43  Probe (Chrono Boost)  
  26  5:52  Probe (Chrono Boost)  
  26  5:55  Probe (Chrono Boost)  
  27  6:04  Probe (Chrono Boost)  
  27  6:07  Probe (Chrono Boost)  
  29  6:15  Probe (Chrono Boost)  
  29  6:22  Probe (Chrono Boost)  
  30  6:28  Dark Templar  
  30  6:32  Dark Templar  
  32  7:00  Probe (Chrono Boost)  
  34  7:01  Probe (Chrono Boost)  
  34  7:11  Probe (Chrono Boost)  
  34  7:13  Probe (Chrono Boost)  
  36  7:23  Dark Templar  
  36  7:28  Probe (Chrono Boost)  
  36  7:29  Probe (Chrono Boost)  
  40  7:38  Probe (Chrono Boost)  
  40  7:41  Nexus  
  41  7:46  Pylon  
  42  7:51  Probe (Chrono Boost)  
  42  7:53  Probe (Chrono Boost)  
  42  7:55  Gateway  
  41  7:59  Gateway  
  41  8:02  Stalker x2  
Show
View Real Time Build Order
Export as new Build Order

Judgement Terran - Winner!

Build Orders: Reaper Expand 

Get SALT Encoding   

  12  0:02  SCV  
  13  0:14  SCV  
  13  0:19  Supply Depot  
  14  0:26  SCV  
  15  0:41  SCV  
  15  0:42  Barracks  
  16  0:46  Refinery  
  16  0:53  SCV  
  17  1:05  SCV  
  18  1:17  SCV  
  19  1:30  Reaper  
  19  1:31  Orbital Command  
  20  1:50  Command Center  
  20  1:57  SCV  
  21  2:05  Refinery  
  21  2:08  Factory  
  21  2:12  Marine  
  22  2:20  Supply Depot  
  22  2:21  SCV  
  23  2:41  Marine, SCV  
  25  2:57  SCV  
  26  3:09  Orbital Command  
  26  3:11  Marine, Widow Mine  
  28  3:13  Starport  
  28  3:16  SCV  
  29  3:24  Bunker  
  29  3:28  Marine, SCV, Supply Depot  
  31  3:39  Barracks  
  31  3:40  SCV  
  32  3:42  Barracks  
  32  3:44  Widow Mine  
  34  3:53  Supply Depot  
  34  3:54  SCV x2  
  36  4:05  Barracks Reactor  
  36  4:08  SCV x2, Medivac  
  40  4:12  Widow Mine  
  42  4:24  Liberator  
  42  4:26  SCV x2  
  42  4:28  Barracks Reactor  
  42  4:30  Barracks Tech Lab  
  44  4:35  Engineering Bay  
  44  4:36  Engineering Bay  
  44  4:38  SCV  
  48  4:47  Marine x2  
  48  4:48  Marine  
  48  4:50  Factory Reactor, SCV  
  48  4:51  SCV  
  53  5:03  Stimpack, SCV x2  
  53  5:05  Marine x2  
  53  5:06  Terran Infantry Weapons Level 1  
  57  5:12  Marine x3  
  60  5:15  SCV x2  
  62  5:23  Missile Turret  
  62  5:33  Missile Turret  
  62  5:37  Missile Turret  
  62  5:56  Terran Infantry Armor Level 1  
  62  5:58  Armory  
  62  6:00  Supply Depot  
  62  6:03  Marine, SCV, Supply Depot  
  62  6:14  Refinery  
  62  6:15  Refinery  
  62  6:21  Marine x4, Marauder, Medivac  
  62  6:22  Supply Depot  
  70  6:27  SCV x2, Supply Depot  
  70  6:29  Widow Mine  
  74  6:39  Marine, SCV  
  74  6:43  Marauder  
  75  6:51  Marine x3  
  77  6:57  Marine  
  77  7:04  Marauder  
  79  7:09  Marine  
  80  7:26  Marauder  
  80  7:27  Marine x3  
  80  7:29  Command Center x2  
  85  7:33  Marine  
  85  7:35  Supply Depot  
  86  7:47  Marine x3, Marauder  
  91  7:51  Marine  
  96  8:04  Supply Depot  
Tags
 
Add a new tag
Caveats
  • Supply blocks, unpowered buildings, or Contaminate may cause inaccurate times.
  • Supply counts are checked every 10 seconds.